woodfighter, chaotic female orcish Rogue ----- 4...| ---------5.-- ------ |.......|5..-- --...... |....@..|...4---........ |...@@.)AA.A.A-..@....... |.......|..4.---......... |.......|...-- --..%[...- ---------..-- ----|---- 5 ...| |...------- ------- ----- |.........| |...... -------...-- --...- |....-- --.%..| ---...----+----...--- |.........%%....| ----------------- woodfighter the Thief Experience level: 30 Strength: 25 Dexterity: 19 Constitution: 18 Intelligence: 15 Wisdom: 15 Charisma: 13 Health: 197(197) Energy: 85(85) Def: 54 Gold: 0 Moves: 35458 Dungeon seed: mRSNxtbaktqJmEVh Game ID: woodfighter_1559760503 Your Inventory: Amulets K - an uncursed amulet of flying (being worn) Weapons a - the blessed rustproof +6 Valerian (weapon in hand) c - a blessed +6 silver saber (wielded in other hand) T - 13 blessed +7 daggers named Dagger of Justice (in quiver) Armor e - a blessed greased fireproof +4 cloak of protection (being worn) n - a blessed rustproof +5 pair of gauntlets of power (being worn) r - an uncursed fireproof +4 pair of speed boots (being worn) M - a blessed rustproof +7 dwarvish iron helm (being worn) X - a blessed +4 Hawaiian shirt (being worn) Y - a blessed greased +5 gray dragon scale mail (being worn) Comestibles Z - a blessed lizard corpse Spellbooks t - the blessed Book of the Dead Rings R - a blessed ring of regeneration (on left hand) S - a blessed ring of free action (on right hand) Wands d - a wand of fire (0:7) f - a blessed wand of digging (0:3) g - a blessed wand of teleportation (0:4) j - a blessed wand of cancellation (0:8) v - a blessed wand of death (0:7) Tools b - a blessed stethoscope i - the blessed Candelabrum of Invocation (no candles attached) (0:0) q - a -2 unicorn horn s - a blessed bag of holding x - a blessed magic lamp (lit) y - a blessed lock pick C - the blessed Master Key of Thievery D - the blessed Bell of Opening (0:2) E - an uncursed magic lamp W - a blessed towel Gems z - an uncursed luckstone Contents of the bag of holding: 20000 gold pieces a blessed amulet of life saving a blessed amulet of life saving a blessed amulet of life saving a [uncursed] amulet of life saving a [uncursed] greased [+7] battle-axe named Cleaver 11 blessed +2 orcish daggers a cursed -1 helm of opposite alignment 13 blessed K-rations 10 blessed eggs 3 blessed eucalyptus leaves 3 blessed food rations 5 blessed lembas wafers 5 blessed lizard corpses a blessed sprig of wolfsbane 6 blessed scrolls of blank paper 10 uncursed scrolls of blank paper 2 cursed scrolls of blank paper a blessed scroll of charging 2 blessed scrolls of gold detection 7 blessed scrolls of remove curse a blessed scroll of wishing 17 blessed potions of full healing 10 potions of holy water 5 potions of unholy water a blessed ring of conflict a blessed wand of death (0:3) a blessed wand of death (0:0) a blessed wand of digging (0:7) a blessed wand of digging [0:6] a blessed wand of digging [0:4] a blessed wand of digging [0:6] a blessed wand of digging [0:4] a blessed wand of fire (0:7) a blessed wand of teleportation (0:8) a blessed can of grease (0:17) a magic marker (1:12) a blessed magic whistle a blessed [+0] pick-axe a +0 unicorn horn an uncursed diamond 2 uncursed rubies an uncursed sapphire Spells and supernatural/magical abilities: Name Level Category Fail Memory l - light 1 divination 100% 62% E - detect food 2* divination 100% 0% W - pray for help -- divine ? -- Your skills at the end: Miscellaneous Skills two weapon combat [Basic] shield [Skilled] wands [Basic] stealth [Expert] Weapon Skills dagger [Expert] short sword [Basic] saber [Basic] Spellcasting Skills divination spells [Skilled] Final Attributes: You were piously aligned. You were fire resistant. You were cold resistant. You were sleep resistant. You were disintegration-resistant. You were shock resistant. You were poison resistant. You were magic-protected. You could recognize detrimental food. You saw invisible. You were telepathic. You were warned. You had automatic searching. You had infravision. You were invisible to others. You were stealthy. You had teleport control. You could fly. You regenerated. You were protected. You were very fast. You had free action. You were wielding two weapons at once. You were extremely lucky. You had extra luck. Bad luck did not time out for you. Good luck did not time out for you. You survived. Vanquished creatures: Baalzebub Orcus Yeenoghu Juiblex The Wizard of Yendor (4 times) Famine a high priest 6 ancient red dragons 2 mammoths Vlad the Impaler Medusa 17 krakens 2 elder red dragons 2 elder orange dragons an iron golem a gray dragon 4 silver dragons 14 red dragons 8 white dragons 2 orange dragons 5 black dragons 2 blue dragons 4 yellow dragons 8 deep ettins 2 glass golems 3 balrogs 6 purple worms 17 minotaurs 8 jabberwocks The Master Assassin 6 baluchitheria 2 Angels a young silver dragon 57 young red dragons 9 young white dragons 2 young orange dragons 6 young black dragons 5 young blue dragons a young green dragon 2 young yellow dragons a demilich 3 stone golems 3 master mind flayers 8 Olog-hai 3 Nazgul 14 pit fiends 8 sandestins a hell hound 3 titanotheres 3 trappers 2 baby silver dragons 37 baby red dragons 11 baby orange dragons a baby green dragon a baby yellow dragon 5 gryphons 31 guardian nagas 2 disenchanters 20 vampire lords 12 shades 20 skeletons 8 aligned priests 6 captains 2 liches 3 clay golems 11 nurses 16 ice devils 8 nalfeshnees 5 lurkers above a frost giant 4 golden nagas 9 black puddings 24 vampires 36 ghosts 6 ettins 7 lieutenants a tourist a queen bee 2 winged gargoyles 2 mind flayers 9 giant mimics 3 fire giants 4 ogre kings 6 Elvenkings 2 ice trolls 15 rock trolls 6 umber hulks a flesh golem 6 doppelgangers 25 hezrous 21 bone devils 3 salamanders 4 large mimics a wumpus 8 fire vortices 8 long worms 7 couatls 15 stalkers 8 air elementals 2 fire elementals 6 earth elementals 5 water elementals a hill giant 2 giant mummies 2 black nagas 4 elf-lords 8 xorns 19 giant zombies 11 sergeants a barbed devil 15 vrocks 14 wargs 2 winter wolves 8 hell hound pups 7 quantum mechanics 16 small mimics an island nymph 2 glass piercers 11 warhorses 3 steam vortices 14 xans 6 ettin mummies 3 ogre lords 29 trolls 2 sasquatches a wood golem 11 mariliths a djinni 4 sharks 8 electric eels 5 pyrolisks 3 large dogs 2 freezing spheres 11 flaming spheres 6 shocking spheres 3 large cats 9 tigers 9 gargoyles 6 tengu 6 gelatinous cubes 5 ochre jellies 6 crocodiles 23 chameleons 4 leocrottas 4 energy vortices 4 mountain centaurs 6 giants 4 elf mummies 5 human mummies 2 red nagas 7 green slimes 15 Grey-elves 3 pit vipers 5 pythons a cobra 70 wraiths 22 ettin zombies 2 leather golems 23 soldiers 2 watchmen a horned devil 12 succubi 9 incubi 5 giant beetles 17 cockatrices 16 wolves 6 winter wolf cubs 4 black lights 5 lynxes 3 panthers 5 gremlins 73 leprechauns 8 quivering blobs 3 spotted jellies 8 lizards 6 mountain nymphs 3 orc-captains 3 mumakil 14 giant spiders 6 scorpions 9 iron piercers 4 horses 2 ice vortices 8 vampire bats 5 forest centaurs 6 gnome kings 7 orc mummies 2 dwarf mummies 9 ogres 3 brown puddings 7 Green-elves 6 rust monsters 7 owlbears 5 yetis a gold golem 6 werewolves 15 piranhas 14 giant eels a thug 4 chickatrices 3 dogs a dingo 2 housecats 6 jaguars 3 dwarf lords a blue jelly 22 water nymphs 2 white unicorns a gray unicorn a dust vortex 34 ravens 5 plains centaurs 3 gnome mummies 13 Woodland-elves 5 snakes 18 human zombies 4 rope golems 20 soldier ants 3 fire ants 13 yellow lights 10 bugbears 3 imps 6 wood nymphs 4 Mordor orcs an Uruk-hai 2 orc shamans 5 rock moles 7 rock piercers 2 ponies 3 fog clouds 3 shriekers 4 violet fungi 17 gnome lords 12 gnomish wizards 4 kobold mummies 4 golden naga hatchlings a guardian naga hatchling 8 gray oozes 2 barrow wights 16 elf zombies 16 ghouls 2 paper golems 8 jellyfish 17 giant ants 2 puppies 7 floating eyes 5 kittens 19 dwarves a homunculus a quasit 6 kobold lords 4 kobold shamans 8 iguanas 18 hill orcs 13 rothes 2 rabid rats a centipede 3 jitterbugs 3 giant bats 5 monkeys 7 orc zombies 19 dwarf zombies 6 wererats 6 werejackals 37 killer bees 10 coyotes 3 gas spores 4 hobbits 7 acid blobs 2 large kobolds 9 geckos 14 hobgoblins 3 giant rats 9 cave spiders 2 brown molds 3 yellow molds a green mold 2 red molds 54 gnomes 17 garter snakes 20 manes 20 gnome zombies 17 jackals 2 foxes 4 kobolds 17 newts 7 goblins 13 sewer rats 21 grid bugs 2 bats 8 lichens 21 kobold zombies 2313 creatures vanquished. Genocided species: hobbits dwarves bugbears dwarf lords dwarf kings quantum mechanics mind flayers master mind flayers wood nymphs water nymphs mountain nymphs island nymphs liches demiliches master liches arch-liches gray oozes brown puddings black puddings green slimes jellyfish piranhas sharks giant eels electric eels krakens 26 species genocided. Voluntary challenges: You did not cause conflict. You did not have reflection. You were not displaced. You used a wielded weapon 5248 times, starting on turn 26. You did not use plumbed fixtures. You read items or engraved 79 times, starting on turn 1992. You genocided 26 types of monsters, starting on turn 27728. You polymorphed 1 item, starting on turn 11776. You never changed form. You completed Sokoban on turn 3959, according to the rules. You used 4 wishes, starting on turn 14972. You wished for your your first artifact on turn 27699. You never split a pudding. You never wrote Elbereth's name. You violated your moral code, losing 9 points of alignment, starting on turn 24590. Dungeon overview: The Dungeons of Doom: levels 1 to 29 Level 1 stairs to The Elemental Planes Level 2 a fountain Level 3 some fountains stairs to The Gnomish Mines Level 4 (water) a fountain, a sink Level 5 many fountains Level 6 (vault) some fountains stairs to Sokoban Level 7 a fountain Level 8 Level 9 a fountain Level 10 (vault) some fountains Level 11 a fountain Level 12 (quest) a fountain portal to The Quest Level 13 Level 14 (water) some fountains Level 15 an altar to Issek Level 16 (rogue) Level 17 Level 18 (vault) some altars to Kos, a fountain Level 19 an armor shop, a fountain Level 20 Level 21 (vault) an altar to Issek Level 22 a temple to Issek Level 23 (medusa) a fountain, many trees Level 24 Level 25 Level 26 Level 27 Level 28 some fountains Level 29 a magic chest, some fountains, some trees Gehennom: levels 30 to 55 Level 30 a temple to Moloch, a magic chest stairs to The Dungeons of Doom Level 31 Level 32 Level 33 Level 34 (baalzebub) a magic chest Level 35 Level 36 Level 37 Level 38 (juiblex) some fountains Level 39 Level 40 a magic chest Level 41 Level 42 (orcus) some shops, an altar to Moloch, a magic chest, some fountains Level 43 stairs to Vlad's Tower Level 44 Level 45 an altar to Moloch, a magic chest Level 46 Level 47 portal to Gehennom Level 48 Level 49 Level 50 Level 51 (water) Level 52 Level 53 portal to Gehennom Level 54 Level 55 The Gnomish Mines: levels 4 to 11 Level 4 stairs to The Dungeons of Doom Level 5 Level 6 Level 7 many shops, a temple to Issek, a magic chest, some fountains Level 8 Level 9 Level 10 Level 11 a magic chest, some fountains The Quest: levels 1 to 6 Level 1 a magic chest portal to The Dungeons of Doom Level 2 Level 3 some fountains Level 4 Level 5 Level 6 Sokoban: levels 2 to 5 Level 2 a magic chest Level 3 a delicatessen, a magic chest Level 4 Level 5 an altar to Kos, a magic chest stairs to The Dungeons of Doom Vlad's Tower: levels 40 to 42 Level 40 Level 41 an altar to Moloch Level 42 stairs to Gehennom The Elemental Planes: Astral Plane <- You were here a high altar Plane 4 portal to The Elemental Planes Plane 3 portal to The Elemental Planes Plane 2 portal to The Elemental Planes Plane 1 portal to The Elemental Planes History has recorded: On T:1 you entered the Dungeons of Doom to retrieve the Amulet of Yendor! On T:102 you reached level 2 of The Dungeons of Doom. On T:445 you reached level 3 of The Dungeons of Doom. On T:456 you prayed to Kos. On T:801 you advanced to experience level 2. On T:811 you reached level 4 of The Dungeons of Doom. On T:888 you reached level 1 of The Gnomish Mines. On T:1074 you advanced to experience level 3. On T:1348 you reached level 5 of The Dungeons of Doom. On T:1357 you advanced to experience level 4. On T:1420 you prayed to Kos. On T:1794 you reached level 6 of The Dungeons of Doom. On T:1914 you advanced to experience level 5. On T:1928 you reached level 4 of Sokoban. On T:1990 you opened a magic chest. On T:2325 you reached level 3 of Sokoban. On T:2821 you reached level 2 of Sokoban. On T:3209 you advanced to experience level 6. On T:3215 you reached level 1 of Sokoban. On T:3959 you advanced to experience level 7. On T:3959 you entered the Sokoban zoo. On T:4673 you reached level 2 of The Gnomish Mines. On T:4938 you reached level 3 of The Gnomish Mines. On T:5209 you advanced to experience level 8. On T:5230 you reached level 4 of The Gnomish Mines. On T:5388 you prayed to Kos. On T:5418 you entered the Minetown temple On T:6104 you reached level 5 of The Gnomish Mines. On T:6444 you reached level 6 of The Gnomish Mines. On T:6534 you advanced to experience level 9. On T:6631 you reached level 7 of The Gnomish Mines. On T:6931 you reached level 8 of The Gnomish Mines. On T:6931 you reached the bottom of the Mines. On T:9527 you reached level 7 of The Dungeons of Doom. On T:10158 you reached level 8 of The Dungeons of Doom. On T:10587 you advanced to experience level 10. On T:10700 you reached level 10 of The Dungeons of Doom. On T:11049 you reached level 11 of The Dungeons of Doom. On T:11429 you reached level 12 of The Dungeons of Doom. On T:11468 you reached level 13 of The Dungeons of Doom. On T:12150 you received Valerian from Kos. On T:12485 you reached level 1 of The Quest. On T:12858 you reached level 14 of The Dungeons of Doom. On T:13279 you prayed to Kos. On T:13285 you advanced to experience level 11. On T:13319 you reached level 15 of The Dungeons of Doom. On T:13894 you reached level 16 of The Dungeons of Doom. On T:13894 you entered the Rogue tribute level. On T:14134 you reached level 17 of The Dungeons of Doom. On T:14680 you prayed to Kos. On T:14972 you wished for "+3 blessed fixed greased gray dragon scale mail". On T:15902 you reached level 18 of The Dungeons of Doom. On T:16950 you advanced to experience level 12. On T:17414 you reached level 19 of The Dungeons of Doom. On T:17782 you prayed to Kos. On T:18319 you reached level 20 of The Dungeons of Doom. On T:18644 you reached level 21 of The Dungeons of Doom. On T:19110 you reached level 22 of The Dungeons of Doom. On T:19177 you reached level 23 of The Dungeons of Doom. On T:19506 you killed Medusa on level 23 of The Dungeons of Doom. On T:19506 you advanced to experience level 13. On T:20512 you advanced to experience level 14. On T:20791 you embarked upon an epic quest. On T:21278 you reached level 2 of The Quest. On T:21382 you reached level 3 of The Quest. On T:21874 you reached level 4 of The Quest. On T:21929 you reached level 5 of The Quest. On T:22068 you reached level 6 of The Quest. On T:23802 you killed Master Assassin on level 6 of The Quest. On T:23924 you completed the quest! On T:24214 you reached level 24 of The Dungeons of Doom. On T:24349 you reached level 25 of The Dungeons of Doom. On T:24679 you reached level 26 of The Dungeons of Doom. On T:25037 you reached level 27 of The Dungeons of Doom. On T:25896 you reached level 28 of The Dungeons of Doom. On T:26191 you reached The Castle. On T:27361 you advanced to experience level 15. On T:27699 you wished for "+3 blessed fixed grayswandir". On T:27745 you reached level 2 of Gehennom. On T:27868 you reached level 3 of Gehennom. On T:28096 you advanced to experience level 16. On T:28276 you reached level 4 of Gehennom. On T:28530 you reached level 5 of Gehennom. On T:28594 you killed Baalzebub on level 4 of Gehennom. On T:28818 you reached level 6 of Gehennom. On T:29101 you advanced to experience level 17. On T:29235 you reached level 7 of Gehennom. On T:29516 you reached level 8 of Gehennom. On T:29699 you reached level 9 of Gehennom. On T:29913 you reached level 10 of Gehennom. On T:30034 you killed Juiblex on level 8 of Gehennom. On T:30267 you reached level 11 of Gehennom. On T:30414 you killed Yeenoghu on level 11 of Gehennom. On T:30530 you reached level 12 of Gehennom. On T:30646 you reached level 13 of Gehennom. On T:30950 you advanced to experience level 18. On T:31259 you killed Orcus on level 13 of Gehennom. On T:31312 you reached level 14 of Gehennom. On T:31404 you wished for "+3 blessed fixed greased cloak of protection". On T:31473 you reached level 3 of Vlad's Tower. On T:31556 you reached level 2 of Vlad's Tower. On T:31639 you reached level 1 of Vlad's Tower. On T:31710 you killed Vlad the Impaler on level 1 of Vlad's Tower. On T:31717 you wished for "+3 blessed fixed gauntlets of power". On T:31778 you reached level 25 of Gehennom. On T:31986 you reached level 24 of Gehennom. On T:32023 you reached level 18 of Gehennom. On T:32133 you reached level 17 of Gehennom. On T:32435 you reached level 16 of Gehennom. On T:32623 you advanced to experience level 19. On T:32624 you advanced to experience level 20. On T:32624 you advanced to experience level 21. On T:32625 you advanced to experience level 22. On T:32625 you advanced to experience level 23. On T:32626 you advanced to experience level 24. On T:32626 you advanced to experience level 25. On T:32627 you advanced to experience level 26. On T:32627 you advanced to experience level 27. On T:32628 you advanced to experience level 28. On T:32628 you advanced to experience level 29. On T:32629 you advanced to experience level 30. On T:32765 you reached level 23 of Gehennom. On T:32936 you reached level 22 of Gehennom. On T:33094 you reached level 21 of Gehennom. On T:33120 you reached level 20 of Gehennom. On T:33195 you reached level 19 of Gehennom. On T:33850 you reached level 15 of Gehennom. On T:34240 you killed Wizard of Yendor on level 16 of Gehennom. On T:34266 you performed the invocation. On T:34267 you reached level 26 of Gehennom. On T:34320 you killed high priestess of Moloch on level 26 of Gehennom. On T:34321 you gained the Amulet of Yendor! On T:34687 you lost the Amulet of Yendor. On T:34689 you killed Wizard of Yendor on level 7 of Gehennom. On T:34689 you gained the Amulet of Yendor! On T:34923 you killed Wizard of Yendor on level 22 of The Dungeons of Doom. On T:35296 you reached the Plane of Earth. On T:35296 you killed Wizard of Yendor on the Plane of Earth. On T:35321 you reached the Plane of Air. On T:35354 you reached the Plane of Fire. On T:35383 you reached the Plane of Water. On T:35412 you reached the Astral Plane. On T:35447 you killed Famine on the Astral Plane. On T:35458 you lost the Amulet of Yendor. On T:35458 you offered the Amulet of Yendor to Kos and ascended to the status of Demigoddess! Score breakdown: Gold: 20000 ( 2000 points) Experience: 30 levels ( 2000 points) Exploration: 55 levels ( 2000 points) Discoveries: 139 items ( 2000 points) Variety of kills: 292 monsters ( 2000 points) Major goal: ascended ( 5000 points) Ascension bonuses Valuables value: 14750 ( 1475 points) Artifacts: 3 ( 3000 points) Speed bonus: 35458 turns ( 3227 points) Conduct bonus: 4 conducts ( 6400 points) Survival: ascended (score multiplied by 10) Total score: 291020 Latest messages: The Angel of Mog swings her long sword named Demonbane at you. The Angel of Mog slashes you! The Angel of Mog swings her long sword named Demonbane at you. The Angel of Mog slashes you! The Angel of Mog punches you! The Angel of Mog casts a spell at you! A shower of missiles bounces off the rogue! The Angel of Kos swings her long sword at you. The Angel of Kos misses. The Angel of Kos swings her long sword at you. The Angel of Kos misses. (2x) The Angel of Kos casts a spell at you! A shower of missiles bounces off the rogue! The priest of Mog turns to flee! The Angel of Moloch zaps a wand of sleep! The sleep ray hits the priest of Moloch. The sleep ray hits the Angel of Moloch. The Angel of Moloch is caught in the sleeping gas! You kill the renegade priestess of Kos! There are several objects here. The priest of Mog turns to flee! You offer the Amulet of Yendor to Kos... An invisible choir sings, and you are bathed in radiance... The voice of Kos thunders: "Congratulations, mortal!" "In return for thy service, I grant thee the gift of Immortality!" You ascend to the status of Demigoddess... Final status: Goodbye woodfighter the Demigoddess, ascended... You went to your reward with 291020 points, Valerian (worth 700 zorkmids) The Master Key of Thievery (worth 3500 zorkmids) 2 rubies (worth 7000 zorkmids), 1 diamond (worth 4000 zorkmids), 1 sapphire (worth 3000 zorkmids), 4 amulets of life saving (worth 600 zorkmids), 1 amulet of flying (worth 150 zorkmids), and 20000 pieces of gold, after 35458 moves. You were level 30 with a maximum of 197 hit points when you ascended.